 Dungeon Crawl Stone Soup version 0.21.1-1-g345015fe64 (webtiles) character file.

313 Ivernyr the Shooter (level 6, -2/51 HPs)
             Began as a Centaur Arcane Marksman on Mar 25, 2018.
             Slain by Natasha (7 damage)
             ... on level 3 of the Dungeon.
             The game lasted 00:15:45 (4805 turns).

Ivernyr the Shooter (Centaur Arcane Marksman)       Turns: 4805, Time: 00:15:45

Health: -2/51      AC:  3    Str: 12    XL:     6   Next: 19%
Magic:  7/7        EV: 10    Int: 12    God:
Gold:   157        SH:  0    Dex: 12    Spells: 3/7 levels left

rFire    . . .     SeeInvis .   a - +0 shortbow
rCold    . . .     Gourm    .   (shield currently unavailable)
rNeg     . . .     Faith    .   (no armour)
rPois    .         Spirit   .   (no helmet)
rElec    .         Reflect  .   (no cloak)
rCorr    .         Harm     .   (no gloves)
MR       .....                  (no barding)
Stlth    +.........             (no amulet)
HPRegen  0.17/turn              p - ring of flight
MPRegen  0.10/turn              (no ring)

@: very quick
A: large, hooves 3, deformed body, speed 2, tough skin 3
a: Evoke Flight


You were on level 3 of the Dungeon.
You were not hungry.

You visited 1 branch of the dungeon, and saw 3 of its levels.

You collected 157 gold pieces.

Inventory:

Hand Weapons
 a - a +0 shortbow (weapon)
Missiles
 d - 108 arrows (quivered)
Jewellery
 p - a ring of flight (left hand)
Scrolls
 b - a scroll of noise {unknown}
 e - 2 scrolls of random uselessness {unknown}
 g - a scroll of teleportation {unknown}
 h - a scroll of fear {unknown}
 i - 6 scrolls of remove curse
 j - 2 scrolls of amnesia {unknown}
 k - a scroll of enchant weapon {unknown}
 l - 5 scrolls of identify {unknown}
 o - a scroll of fog {unknown}
 r - a scroll of magic mapping {unknown}
Potions
 n - a potion of flight {unknown}
 q - a potion of berserk rage {unknown}
Books
 c - a book of Debilitation

   Spells                             Type                      Level
   a - Corona                         Hexes                        1
   b - Slow                           Hexes                        2
   c - Inner Flame                    Hexes/Fire                   3
   d - Portal Projectile              Hexes/Translocation          3
   e - Cause Fear                     Hexes                        4
   f - Leda's Liquefaction            Hexes/Earth                  4
Comestibles
 f - 5 rations


   Skills:
 + Level 3.1 Fighting
 * Level 6.4 Bows
 - Level 1.3 Dodging
 - Level 1.0 Spellcasting
 + Level 3.9 Hexes


You had 3 spell levels left.
You knew the following spells:

 Your Spells              Type           Power        Failure   Level  Hunger
a - Corona                Hex            ##.....      6%          1    ##.....
b - Portal Projectile     Hex/Tloc       #.....       38%         3    ####...


Dungeon Overview and Level Annotations

Branches:
Dungeon (3/15)

Altars:

Annotations:
D:3 Natasha


Innate Abilities, Weirdness & Mutations

You have hooves in place of feet.
Armour fits poorly on your strangely shaped body.
You cover ground very quickly.
You have extremely tough skin. (AC +3)


Message History

Aim: a white imp (heavily wounded, summoned)
You shoot an arrow. The arrow hits the white imp.
The white imp is heavily wounded.
Natasha barely misses you. The white imp hits you. The white imp freezes you.
* * * LOW HITPOINT WARNING * * *
Firing (i - inventory):
d - 110 arrows (quivered)
Press: ? - help, Shift-Dir - straight line, f/p - white imp
Aim: a white imp (heavily wounded, summoned)
You shoot an arrow. The arrow barely misses the white imp.
Natasha closely misses you. The white imp gestures at you.
The puff of frost hits you!
* * * LOW HITPOINT WARNING * * *
Firing (i - inventory):
d - 109 arrows (quivered)
Press: ? - help, Shift-Dir - straight line, f/p - white imp
Aim: a white imp (heavily wounded, summoned)
You shoot an arrow. The arrow hits the white imp.
The white imp is severely wounded.
Natasha claws you!
You die...

#
#.#.####.#.#.............
# #.#.#
#(#.##########.### #...#
#.#.# #...... ######
##### #.# #...... .....#
#.# #...... ###.## #.#
#...... #[# #.# #......
#.# #5# #...... #.# #@#
###.... #.# #h# #####
###.## #g# .....# 55#
.....# ..# .....# ....
(....# ...# .....# .....
.....#


You could see Natasha, a white imp, 2 shadow imps and a goblin.

Vanquished Creatures
  The ghost of Ivernyr the Shooter, an amateur CeAM (D:3)
  A bullfrog skeleton (D:3)
  Terence (D:2)
  A howler monkey skeleton (D:3)
  5 adders
  4 dart slugs
  A leopard gecko (D:3)
  2 orcs (D:3)
  4 giant cockroaches
  6 goblins
  13 hobgoblins
  2 quokkas
  10 bats
  A frilled lizard (D:2)
  6 kobolds
  6 rats
64 creatures vanquished.

Notes
Turn   | Place    | Note
-------+----------+-------------------------------------------
     0 | D:1      | Ivernyr the Centaur Arcane Marksman began the quest for the Orb.
     0 | D:1      | Reached XP level 1. HP: 16/16 MP: 2/2
   159 | D:1      | Reached skill level 3 in Bows
   421 | D:1      | Reached XP level 2. HP: 19/23 MP: 3/3
   991 | D:1      | Reached XP level 3. HP: 22/28 MP: 4/4
  1095 | D:1      | Reached skill level 4 in Bows
  2349 | D:3      | Noticed Terence
  2445 | D:2      | Killed Terence
  2445 | D:2      | Reached XP level 4. HP: 4/36 MP: 5/5
  2475 | D:2      | Learned a level 3 spell: Portal Projectile
  3160 | D:3      | Reached skill level 5 in Bows
  3765 | D:3      | Noticed Ivernyr's ghost (amateur CeAM)
  3812 | D:3      | Killed Ivernyr's ghost
  3812 | D:3      | Reached skill level 6 in Bows
  3812 | D:3      | Reached XP level 5. HP: 38/45 MP: 6/6
  4010 | D:3      | Reached XP level 6. HP: 8/51 MP: 7/7
  4784 | D:3      | Noticed Natasha
  4805 | D:3      | Slain by Natasha

Skill      XL: |  1  2  3  4 |
---------------+-------------+-----
Bows           | 3 4 6 |  6.4
Hexes          | 3 |  3.9
Fighting       | 2 3 |  3.1
Dodging        | |  1.3
Spellcasting   | |  1.0

Action                   |  1- 3 |  4- 6 || total
-------------------------+-------+-------++-------
Melee: Unarmed           |   183 |   157 ||   340
       Kick              |    38 |    31 ||    69
 Fire: Shortbow          |    19 |    25 ||    44
 Cast: Corona            |     2 |    10 ||    12
  Use: Scroll            |       |     1 ||     1
       Potion            |       |     1 ||     1
  Eat: Chunk             |     3 |     8 ||    11
Armor: Robe              |    78 |    21 ||    99
       Skin              |       |    39 ||    39
Dodge: Dodged            |   101 |    95 ||   196
